Map: Wolfe Industries Compound

Players

Grumm

  • Race: Zerg Zerg
  • League: Gold
  • Spawn Location: 12:00

Duhkatt

  • Race: Terran Terran
  • Spawn Location: 3:00

A.I. 2 (Hard) - Winner!

  • Race: Terran Terran
  • Spawn Location: 7:00

A.I. 3 (Harder) - Winner!

  • Race: Protoss Protoss
  • Spawn Location: 7:00

VOD

Have the link to the VOD?

Description

Time

  • Played on: Jan. 21, 2016, 11:52 p.m.
  • Length: 42:28
Show
View Real Time Build Order
Export as new Build Order

Grumm Zerg 

Build Orders: Hatch First 

Get SALT Encoding   

  12  0:01  Drone  
  13  0:15  Overlord  
  13  0:17  Drone  
  14  0:23  Extractor  
  14  0:25  Drone  
  15  0:47  Drone  
  16  0:54  Drone  
  17  0:57  Hatchery  
  17  1:02  Drone x2  
  18  1:06  Extractor  
  17  1:19  Drone  
  17  1:23  Spawning Pool  
  17  1:30  Drone  
  18  1:34  Drone  
  19  1:47  Drone  
  19  1:52  Overlord  
  20  2:07  Evolution Chamber  
  19  2:09  Queen  
  19  2:10  Queen  
  19  2:12  Drone x2  
  25  2:31  Drone x2  
  25  2:32  Drone x2  
  29  2:37  Extractor  
  29  2:39  Overlord  
  28  2:55  Drone x3, Extractor  
  30  3:02  Zerg Melee Weapons Level 1  
  32  3:17  Lair  
  32  3:19  Pneumatized Carapace  
  30  3:22  Drone  
  30  3:23  Drone x7  
  38  3:39  Drone x4, Extractor  
  41  3:52  Evolution Chamber  
  40  3:59  Evolution Chamber  
  39  4:04  Burrow  
  39  4:19  Queen  
  41  4:27  Overlord x2  
  41  4:28  Overlord  
  41  4:40  Zergling x2  
  41  4:41  Zergling x4  
  41  4:45  Zerg Ground Armor Level 1, Zerg Missile Weapons Level 1  
  44  5:15  Queen  
  44  5:21  Drone x2  
  48  5:24  Drone x3  
  48  5:26  Zergling x8  
  55  5:43  Drone x2  
  57  5:50  Infestation Pit  
  56  6:15  Metabolic Boost  
  56  6:22  Zerg Melee Weapons Level 2  
  56  6:23  Roach Warren  
  55  6:26  Drone x6  
  55  6:27  Hive  
  61  7:07  Spine Crawler  
  60  7:09  Spine Crawler x2  
  58  7:17  Neural Parasite  
  58  7:24  Spore Crawler  
  58  7:25  Zerg Ground Armor Level 2, Zerg Missile Weapons Level 2  
  58  7:26  Glial Reconstitution  
  57  7:38  Overlord x4  
  57  8:06  Hatchery  
  56  8:26  Overlord  
  56  8:27  Overlord  
  56  8:28  Swarm Host x2  
  56  8:31  Zergling x2  
  56  8:32  Zergling x12  
  99  9:01  Overlord  
  99  9:04  Overlord  
  99  9:06  Hatchery  
  98  9:10  Overlord  
  98  9:13  Overlord  
  98  9:16  Infestor x2  
  98  9:17  Infestor  
  100  9:21  Pathogen Glands  
  104  9:31  Roach  
  104  9:32  Roach x4  
  107  10:58  Drone x13  
  107  10:59  Drone x17  
  137  11:04  Extractor  
  137  11:07  Extractor  
  137  11:08  Zerg Melee Weapons Level 3  
  137  11:09  Zerg Ground Armor Level 3, Zerg Missile Weapons Level 3  
  135  11:28  Extractor  
  135  11:31  Extractor  
  133  11:33  Spine Crawler  
  133  11:34  Spine Crawler  
  133  11:36  Spore Crawler  
  130  12:16  Hatchery  
  130  12:18  Spine Crawler  
  130  12:19  Hatchery  
  127  12:23  Spine Crawler  
  127  12:28  Spine Crawler  
  125  12:38  Spine Crawler  
  124  12:48  Overseer x2  
  124  13:08  Command Center  
  95  13:50  Zergling x2  
  95  13:51  Zergling x32  
  95  13:52  Zergling x18  
  121  14:26  Overlord  
  115  15:51  Overlord  
  115  15:52  Overlord x4  
  115  16:36  Swarm Host x4  
  115  16:37  Swarm Host x4  
  180  17:40  Hydralisk Den  
  178  17:46  Spire  
  178  17:48  Spire  
  161  18:41  Overlord x2  
  161  18:42  Overlord x2  
  161  18:45  Drone x3  
  148  21:28  Viper  
  148  21:29  Viper x12  
  136  23:45  Zerg Flyer Armor Level 1, Zerg Flyer Weapons Level 1  
  97  25:55  Hydralisk  
  97  25:56  Hydralisk x25  
  97  25:57  Hydralisk x12  
  129  26:03  Hydralisk  
  129  26:04  Hydralisk x12  
  199  26:12  Adrenal Glands  
  199  26:22  Muscular Augments  
  157  27:36  Hydralisk x6  
  79  28:05  Zergling x18  
  70  28:06  Zergling x58  
  70  28:07  Zergling x10  
  100  28:37  Roach x10  
  100  28:38  Roach x2  
  109  29:10  Roach x12  
  109  29:11  Roach x7  
  143  29:25  Tunneling Claws  
  143  29:28  Roach x11  
  143  29:41  Mutalisk x10  
  143  29:42  Mutalisk x5  
  173  30:14  Extractor  
  173  30:16  Extractor  
  173  30:18  Roach x30  
  171  30:26  Extractor  
  171  30:27  Extractor  
  122  31:22  Hydralisk x2  
  70  31:26  Zergling x16  
  70  31:27  Zergling x36  
  70  31:28  Zergling x40  
  104  31:50  Hydralisk  
  104  31:51  Hydralisk  
  104  31:54  Zergling x4  
  109  31:55  Zergling x26  
  86  32:47  Hydralisk x6  
  86  32:48  Hydralisk x6  
  86  32:50  Zergling x2  
  86  32:51  Zergling x38  
  72  33:58  Mutalisk x7  
  72  34:01  Zergling x2  
  72  34:02  Zergling x50  
  109  34:03  Zergling x18  
  114  34:21  Greater Spire  
  113  34:32  Zergling x20  
  113  34:33  Zergling x20  
  74  35:09  Zergling x10  
  74  35:10  Zergling x42  
  88  35:44  Zergling x4  
  88  35:45  Zergling x40  
  73  36:51  Mutalisk x7  
  73  36:52  Mutalisk x28  
  73  36:53  Mutalisk x4  
  72  38:55  Zergling x2  
  73  38:56  Zergling x58  
  73  38:57  Zergling x2  
Show
View Real Time Build Order
Export as new Build Order

Duhkatt Terran 

Build Orders: MMM Bio 

Get SALT Encoding   

  12  0:02  SCV  
  13  0:14  SCV  
  13  0:20  Supply Depot  
  14  0:27  SCV  
  15  0:42  SCV  
  16  0:43  Barracks  
  16  0:54  SCV  
  16  0:55  Refinery  
  17  1:06  SCV  
  18  1:18  SCV  
  19  1:30  Orbital Command, Supply Depot  
  19  1:35  Barracks Tech Lab  
  19  1:56  Marauder  
  21  2:04  Refinery, SCV  
  22  2:16  Factory  
  22  2:17  Marine  
  22  2:18  SCV  
  24  2:30  SCV  
  24  2:36  Marine  
  26  2:42  SCV  
  26  2:43  Stimpack  
  27  2:54  SCV  
  27  2:57  Supply Depot  
  28  3:05  Factory Tech Lab  
  28  3:06  SCV  
  28  3:10  Engineering Bay  
  29  3:16  Marine  
  29  3:18  SCV  
  31  3:24  Siege Tank  
  34  3:34  Marauder  
  34  3:35  Command Center, SCV  
  37  3:45  Missile Turret  
  37  3:46  Terran Infantry Armor Level 1  
  37  3:56  Marine  
  38  4:08  Missile Turret  
  38  4:11  Siege Tank  
  41  4:17  Supply Depot  
  41  4:18  SCV  
  41  4:22  Marine  
  43  4:31  SCV  
  44  4:40  Supply Depot, Marine  
  44  4:43  Siege Tank  
  48  4:46  Armory  
  48  4:58  Marauder  
  50  5:19  Marine  
  51  5:36  Barracks  
  51  5:43  Terran Infantry Weapons Level 1  
  51  5:44  Starport  
  51  5:53  Planetary Fortress  
  51  5:54  Missile Turret  
  51  6:10  Refinery  
  51  6:14  Refinery  
  51  6:16  Marine  
  52  6:19  Siege Tank  
  55  6:28  Supply Depot  
  55  6:30  Supply Depot  
  55  6:34  Marine  
  55  6:36  Barracks Reactor  
  55  6:37  Barracks  
  55  6:39  Starport Reactor  
  56  6:50  Supply Depot  
  56  6:51  SCV  
  56  6:52  Marine  
  56  6:54  Supply Depot  
  58  7:03  SCV  
  59  7:10  Marine  
  59  7:15  SCV  
  61  7:27  SCV  
  62  7:30  Barracks Reactor  
  62  7:38  Marine x2  
  62  7:39  SCV  
  62  7:42  Sensor Tower, Missile Turret  
  65  7:51  SCV  
  65  7:54  Medivac  
  65  7:56  Marine x2  
  70  8:03  SCV  
  71  8:10  Marine  
  71  8:11  Combat Shields  
  72  8:14  Marine x2  
  72  8:15  SCV  
  75  8:27  SCV  
  75  8:28  Marine  
  75  8:32  Marine x2  
  79  8:39  Siege Tank  
  79  8:40  SCV  
  83  8:42  Hi-Sec Auto Tracking  
  83  8:46  Marine  
  84  8:48  Supply Depot  
  84  8:51  Terran Vehicle And Ship Armor Level 1  
  84  8:52  SCV  
  84  8:54  Marine x2  
  87  8:56  Marine x2  
  89  9:03  Marine  
  89  9:05  Medivac  
  92  9:11  Widow Mine  
  92  9:12  Supply Depot, Marine x2  
  92  9:14  Marine x2  
  92  9:16  Missile Turret  
  98  9:24  Missile Turret  
  98  9:29  Medivac, Marine  
  98  9:30  Marine  
  102  9:32  Marine x2  
  102  9:35  Supply Depot  
  102  9:37  Missile Turret  
  104  9:47  Marine  
  104  9:50  Marine x2  
  104  9:51  Marine  
  104  9:52  Marine  
  102  10:05  Marine  
  91  10:07  Supply Depot, Marine  
  91  10:08  Marine  
  91  10:09  Marine  
  94  10:21  Command Center  
  94  10:23  Marine  
  95  10:44  Marine x2  
  97  11:13  Command Center  
  97  11:37  Planetary Fortress  
  97  12:09  Missile Turret  
  97  12:12  Medivac  
  97  12:13  Medivac  
  101  12:29  SCV  
  102  12:41  SCV  
  103  12:46  Medivac, Supply Depot  
  103  12:48  Marine x2  
  107  12:53  SCV  
  107  12:58  Thor  
  114  13:05  SCV x2  
  116  13:16  Refinery  
  116  13:17  SCV  
  116  13:18  SCV  
  113  13:29  SCV  
  113  13:30  SCV  
  115  13:41  SCV  
  115  13:42  SCV  
  59  14:46  Marine x2  
  59  14:48  Marine  
  59  14:49  Marine x2  
  64  14:58  SCV  
  65  15:00  SCV  
  65  15:04  Marine x2  
  65  15:06  Marine x2  
  65  15:07  Marine  
  70  15:10  SCV  
  70  15:12  SCV  
  73  15:21  Marine  
  73  15:22  Marine, SCV  
  73  15:23  Marine  
  73  15:24  Marine, SCV  
  79  15:41  Marine  
  6  17:36  Marine x3  
  6  17:37  Marine x2  
  9  17:41  Siege Tank  
  9  17:42  Medivac x2  
  18  17:52  Command Center  
  18  17:54  Marine x2  
  18  17:56  Missile Turret  
  20  18:10  Orbital Command  
  20  18:23  Refinery  
  20  18:26  Supply Depot  
  20  18:28  Marine  
  20  18:29  Marine x4  
  25  18:37  Refinery  
  25  18:46  Marine  
  25  18:47  Marine x3  
  25  18:48  Medivac, Supply Depot  
  31  18:51  Marine  
  32  19:04  Marine x2  
  32  19:08  Marine  
  35  19:21  SCV  
  35  19:22  Marine  
  35  19:24  SCV  
  38  19:29  Supply Depot  
  38  19:31  Marine x2  
  38  19:33  Concussive Shells, SCV  
  38  19:35  Marauder  
  38  19:36  SCV  
  44  19:45  SCV  
  45  19:48  SCV  
  46  19:57  SCV  
  47  20:31  Viking x2  
  51  20:36  SCV  
  52  20:48  SCV  
  53  20:53  SCV  
  54  21:00  SCV  
  55  21:06  SCV  
  52  21:18  SCV  
  30  21:27  Marine  
  30  21:28  Marine x4  
  30  21:30  SCV  
  36  21:33  Siege Tank  
  36  21:37  SCV  
  40  21:42  SCV  
  40  21:45  Marine  
  42  21:49  SCV  
  43  21:54  SCV  
  44  22:05  Thor  
  42  22:34  SCV  
  43  22:42  Refinery  
  43  22:45  SCV  
  43  22:46  SCV  
  45  22:51  Refinery  
  45  22:54  Marine  
  45  22:55  Marine x4  
  45  22:57  SCV  
  45  22:58  SCV  
  43  23:09  SCV  
  43  23:10  SCV  
  43  23:12  Marine x2  
  45  23:13  Marine x3  
  50  23:21  Terran Vehicle And Ship Armor Level 2, SCV  
  51  23:30  Marine  
  51  23:33  SCV  
  53  24:08  Marine x2  
  53  24:09  Marine  
  56  24:10  Marine x2  
  56  24:13  Terran Infantry Armor Level 2  
  58  24:26  Marine x2  
  58  24:27  Marine  
  58  24:28  Medivac x2, Marine x2  
  58  24:30  Widow Mine  
  69  24:44  Marine x2  
  69  24:45  Marine x3  
  74  24:58  Thor  
  66  25:01  Marine  
  39  25:29  Marine x3  
  33  26:21  Barracks  
  33  26:23  Barracks  
  33  26:29  Barracks  
  33  26:43  Terran Infantry Weapons Level 2  
  19  27:05  Barracks Reactor  
  19  27:08  Barracks Tech Lab  
  19  27:14  Barracks Reactor  
  19  27:16  Barracks Reactor  
  19  27:31  Marauder  
  21  27:48  Marine  
  21  27:49  Marine  
  23  27:52  Marauder, Marine x2  
  24  28:06  Marine x2  
  27  28:13  Marine  
  23  28:24  Marine x2  
  24  28:31  Marine  
  25  28:42  Marine x2  
  27  28:49  Marine  
  28  29:00  Marine x2  
  28  29:06  Command Center  
  28  29:07  Marine  
  27  29:17  Marine  
  27  29:18  Marine  
  29  29:25  Marine  
  30  29:35  Marine  
  30  29:36  Marine  
  32  29:42  Marine  
  33  29:48  Terran Infantry Armor Level 3  
  33  29:53  Marine x2  
  35  30:00  Marine  
  36  30:11  Marine x2  
  38  30:18  Marine  
  39  30:26  SCV  
  40  30:29  Marine x2  
  42  30:36  Marine  
  43  30:47  Marine x2  
  44  30:54  Marine  
  21  31:47  Marine x2  
  21  31:49  Marauder  
  25  32:04  Marine  
  25  32:05  Marine  
  27  32:10  Marauder  
  29  32:22  Marine x2  
  31  32:32  Marauder  
  33  32:40  Marine x2  
  31  32:53  Marauder  
  31  32:58  Marine x2  
  35  33:14  Marine  
  35  33:16  Marine x2  
  38  33:32  Marine  
  38  33:33  Marine  
  38  33:34  Marine  
  41  33:49  Marine  
  41  33:51  Marine x2  
  44  34:09  Marine  
  20  34:19  Marine  
  21  34:27  Marauder, Marine  
  23  34:37  Marine  
  24  34:45  Marine  
  25  34:48  Marauder  
  27  34:55  Marine  
  28  35:02  Marine  
  1  36:08  Command Center  
Show
View Real Time Build Order
Export as new Build Order

A.I. 2 (Hard) Terran - Winner!

Build Orders: MMM Bio 

Get SALT Encoding   

  12  0:01  SCV  
  13  0:13  SCV  
  14  0:19  Supply Depot  
  14  0:25  SCV  
  15  0:41  SCV  
  16  0:44  Barracks  
  16  0:49  Refinery  
  16  0:53  SCV  
  17  1:05  SCV  
  18  1:17  SCV  
  19  1:20  Supply Depot  
  19  1:30  Marine, SCV  
  21  1:42  Barracks  
  21  1:43  Orbital Command  
  21  1:50  Barracks Tech Lab, Refinery  
  21  2:04  Factory  
  21  2:08  Marine  
  22  2:20  Supply Depot  
  22  2:25  Marine  
  25  2:44  Marauder  
  25  2:48  Marine  
  26  2:52  Supply Depot  
  28  2:58  Hellion  
  28  3:08  Marauder  
  32  3:20  Hellion  
  32  3:22  Supply Depot  
  32  3:28  Marine  
  33  3:34  SCV  
  36  3:41  Hellion  
  36  3:46  SCV  
  36  3:48  Marine  
  37  3:49  Engineering Bay  
  38  3:58  SCV  
  41  4:02  Hellion  
  41  4:11  SCV  
  41  4:15  Supply Depot  
  42  4:23  SCV  
  45  4:24  Hellion  
  44  4:35  SCV  
  47  4:45  Hellion  
  47  4:47  SCV  
  48  5:07  Hellion  
  50  6:22  Barracks Tech Lab  
  50  6:23  Stimpack, Marine, Terran Infantry Weapons Level 1  
  51  6:25  Factory, Factory Tech Lab  
  51  6:30  Starport  
  51  6:34  Starport, Command Center  
  51  6:36  Missile Turret  
  51  6:38  Supply Depot  
  51  6:39  Combat Shields  
  51  6:40  Missile Turret  
  51  6:41  Marine  
  51  6:44  Cyclone  
  51  6:46  Barracks  
  55  6:53  Marauder  
  57  7:01  Bunker, Marine  
  57  7:03  Supply Depot  
  57  7:06  Starport Tech Lab  
  56  7:08  Factory Tech Lab  
  56  7:11  Starport Tech Lab  
  56  7:16  Siege Tank  
  59  7:26  Raven  
  59  7:27  Siege Tank  
  64  7:43  Raven  
  66  7:46  SCV  
  66  7:48  SCV  
  68  7:58  Concussive Shells, SCV  
  68  7:59  Refinery  
  68  8:00  Missile Turret, SCV  
  68  8:02  Missile Turret  
  68  8:03  Refinery  
  68  8:05  Sensor Tower  
  70  8:11  SCV  
  70  8:12  SCV  
  72  8:18  Terran Infantry Armor Level 1  
  72  8:23  SCV  
  72  8:24  Bunker, SCV  
  72  8:26  Armory  
  74  8:29  Barracks Reactor  
  74  8:35  SCV  
  74  8:36  SCV  
  76  8:47  SCV  
  77  8:48  SCV  
  78  8:59  SCV  
  78  9:00  SCV  
  80  9:11  SCV  
  80  9:13  SCV  
  82  9:53  Marine  
  74  10:01  Raven, Marine  
  71  10:10  Cyclone  
  69  10:15  Raven  
  69  10:19  Marine  
  52  10:27  Marine  
  53  10:31  Marine  
  53  10:35  Marine  
  55  10:38  Marine  
  55  10:41  Command Center  
  55  10:42  Siege Tank  
  59  10:44  Medivac  
  59  10:45  Supply Depot  
  59  10:46  Marine  
  59  10:49  Siege Tank  
  65  10:57  Marauder, Marine  
  67  10:58  Raven  
  67  11:00  Marine  
  71  11:04  Marine  
  71  11:06  Terran Infantry Weapons Level 2  
  71  11:10  Supply Depot  
  72  11:14  Medivac, Widow Mine  
  72  11:16  Marine  
  72  11:17  Marine  
  78  11:19  Marine  
  78  11:23  Marauder  
  81  11:26  Widow Mine  
  83  11:32  Terran Vehicle Weapons Level 1  
  83  11:36  Marauder  
  83  11:37  Engineering Bay  
  85  11:41  Medivac  
  85  11:45  Marauder  
  89  11:54  SCV  
  89  11:55  SCV  
  89  11:57  Marauder, SCV  
  94  12:02  Terran Infantry Armor Level 2  
  94  12:06  Marauder, SCV  
  94  12:08  SCV  
  98  12:09  Missile Turret, SCV  
  98  12:12  Missile Turret  
  98  12:13  Refinery  
  99  12:18  SCV  
  99  12:19  Ghost Academy  
  99  12:20  SCV  
  99  12:21  SCV  
  102  12:26  Fusion Core  
  102  12:27  Refinery  
  102  12:30  Armory  
  102  12:34  Bunker  
  102  12:36  SCV  
  103  12:38  SCV  
  104  12:49  Command Center  
  104  12:51  SCV  
  105  12:53  SCV  
  106  13:17  Terran Ship Weapons Level 1  
  106  13:21  Marine  
  106  13:25  Marine  
  103  13:27  Terran Vehicle And Ship Armor Level 1  
  103  13:33  Marine  
  102  13:37  Marine  
  102  13:41  Marine  
  82  13:44  Marine  
  80  13:51  Marine  
  80  13:55  Marine  
  79  13:59  Marauder  
  79  14:02  Medivac, Raven, Marine  
  79  14:03  SCV  
  79  14:05  SCV  
  79  14:06  SCV  
  79  14:07  Siege Tank, SCV  
  79  14:09  Refinery, Marine, Siege Tank  
  75  14:13  Marine  
  75  14:14  Missile Turret  
  75  14:16  Missile Turret  
  73  14:17  Refinery  
  73  14:20  Marine x2  
  70  14:27  Marine  
  70  14:30  Marine  
  72  14:32  Raven  
  72  14:38  Marine x2  
  76  14:39  Hellion  
  76  14:45  Medivac, Marine  
  81  14:46  Siege Tank  
  81  14:48  Marine, SCV  
  81  14:50  SCV  
  81  14:51  SCV  
  88  14:53  SCV  
  88  14:56  Marauder x2  
  93  15:00  Widow Mine, SCV  
  93  15:02  Marine  
  93  15:03  Terran Infantry Weapons Level 3  
  93  15:05  SCV  
  93  15:06  Marine, SCV  
  100  15:08  SCV  
  100  15:12  SCV  
  102  15:15  Medivac, Viking, Terran Infantry Armor Level 3  
  102  15:17  Marine, Ghost  
  102  15:20  Marine  
  110  15:21  Widow Mine  
  110  15:24  Marine  
  110  15:25  Supply Depot  
  89  15:35  Marauder  
  89  15:38  Marine  
  89  15:42  Marine  
  87  15:43  Siege Tank  
  87  15:44  Raven  
  87  15:46  Marine  
  87  15:47  SCV  
  87  15:49  SCV  
  95  15:50  Siege Tank  
  95  15:51  SCV  
  95  15:53  SCV  
  95  15:56  Marine x2  
  102  15:59  Marine, SCV  
  102  16:01  SCV  
  102  16:03  Marine, SCV  
  107  16:07  Raven  
  107  16:09  Terran Vehicle Weapons Level 2  
  107  16:14  Marine  
  107  16:15  Marauder  
  107  16:16  SCV  
  107  16:17  Marine  
  109  16:19  SCV  
  109  16:20  SCV  
  109  16:21  Marine  
  99  16:27  Command Center  
  99  16:28  SCV  
  99  16:31  SCV  
  99  16:32  Marine, SCV  
  102  16:35  Marine, Ghost  
  102  16:39  Marine  
  93  16:49  Marine  
  93  16:53  Marine  
  92  16:57  Marine  
  86  17:04  Marine  
  86  17:06  SCV  
  86  17:07  Marine  
  79  17:09  SCV  
  79  17:11  Marine  
  79  17:15  Marine  
  82  17:22  Marauder  
  72  17:25  Marine  
  72  17:29  Marine  
  70  17:33  Marauder  
  72  17:43  Marine x2  
  72  17:44  Command Center  
  74  17:45  Hellion  
  76  17:52  Marine  
  76  17:54  Marauder  
  79  18:00  Siege Tank  
  79  18:01  Marauder  
  72  18:08  Siege Tank  
  72  18:13  SCV  
  64  18:23  Marine  
  64  18:25  SCV  
  64  18:26  Marine  
  60  18:32  Hellion  
  62  18:41  Hellion  
  64  18:52  Marine  
  64  18:54  Siege Tank  
  64  18:55  Marine  
  68  18:59  Marine  
  68  19:03  Marine  
  68  19:06  Siege Tank  
  58  19:32  Command Center  
  24  20:26  Command Center  
  25  20:58  SCV  
  25  21:01  SCV  
  26  21:10  Marine, SCV  
  28  21:14  SCV  
  29  21:20  Marine  
  29  21:26  SCV  
  29  21:30  Marine  
  31  21:36  Marine  
  32  21:45  SCV  
  32  21:52  Marine  
  31  21:55  Marine  
  31  21:57  Marine  
  31  22:09  Marine  
  31  22:14  SCV  
  33  22:15  Command Center  
  33  22:22  SCV  
  34  22:27  SCV  
  34  22:28  Marauder  
  35  22:59  SCV  
  35  23:03  SCV  
  37  23:12  SCV  
  38  23:16  SCV  
  39  23:24  Command Center, Barracks Tech Lab, SCV  
  40  23:28  SCV x2  
  42  23:36  SCV  
  42  23:40  SCV  
  44  23:42  SCV  
  44  23:48  Starport  
  45  23:55  Raven  
  47  24:03  Orbital Command  
  47  24:05  Marine  
  47  24:08  Marine  
  49  24:23  Marauder  
  51  24:25  Starport Tech Lab  
  51  24:26  Marine  
  52  24:44  Marauder, Marine  
  55  25:03  Marauder  
  55  25:05  Ghost  
  55  25:06  Viking  
  61  25:12  Siege Tank  
  64  25:17  Raven  
  66  25:24  Marauder  
  66  25:26  Supply Depot  
  68  25:33  Marine  
  69  25:45  Marauder  
  71  25:51  Supply Depot, Marine  
  72  26:06  Marine  
  72  26:09  Marine  
  56  26:24  Marine  
  57  26:27  Marauder  
  59  26:37  Supply Depot  
  59  26:42  Viking, Marauder  
  53  26:49  Marauder  
  52  26:55  Command Center  
  52  27:03  Marine  
  52  27:04  Siege Tank  
  52  27:07  Medivac  
  54  27:10  Marine  
  54  27:12  Medivac  
  56  27:21  Marine  
  57  27:28  Marauder  
  59  27:35  Command Center  
  59  27:39  Marauder  
  61  27:49  Marine  
  62  27:55  Supply Depot  
  62  28:00  Marine  
  63  28:07  Marauder  
  65  28:18  Marine  
  66  28:20  Supply Depot  
  66  28:29  Marauder  
  67  28:36  Marine  
  68  28:44  Supply Depot  
  65  28:49  Marine, SCV  
  65  28:54  Marine  
  51  29:05  SCV  
  51  29:07  Marine  
  51  29:08  Medivac  
  51  29:11  Raven, Marine  
  51  29:16  SCV  
  55  29:18  SCV  
  55  29:19  SCV  
  55  29:21  SCV  
  58  29:25  Marine  
  58  29:28  SCV  
  58  29:30  Marauder, SCV  
  63  29:31  SCV  
  63  29:38  Terran Vehicle Weapons Level 3  
  64  29:43  Marine  
  65  29:51  Marauder  
  67  30:01  Marauder  
  67  30:06  Neosteel Frame  
  254  30:07  Building Armor  
  69  30:12  Marine  
  70  30:17  High Capacity Fuel Tanks  
  70  30:20  Refinery  
  70  30:22  Refinery, Marine  
  70  30:23  Refinery  
  70  30:27  Missile Turret  
  71  30:30  Marine  
  72  30:35  Refinery  
  72  30:37  Refinery  
  72  30:39  Refinery  
  72  30:40  Marine  
  73  30:48  Marine  
  74  30:51  Missile Turret  
  74  30:53  Missile Turret  
  74  30:58  Bunker, Marine  
  74  31:00  Missile Turret  
  74  31:02  Missile Turret  
  74  31:04  Viking  
  76  31:05  Marine  
  76  31:06  Sensor Tower  
  76  31:08  Hellion  
  76  31:09  Barracks  
  77  31:11  Viking  
  77  31:16  Marauder  
  77  31:17  SCV  
  77  31:18  Hellion  
  82  31:20  SCV  
  82  31:22  SCV  
  74  31:26  Hi-Sec Auto Tracking  
  74  31:27  Marine  
  74  31:29  Hellion  
  68  31:34  Raven  
  68  31:39  Ghost  
  70  31:41  Viking  
  74  31:49  Marauder  
  79  31:54  Siege Tank  
  79  31:56  Barracks Reactor  
  79  31:59  Cyclone  
  82  32:08  Marine  
  82  32:10  Marine  
  82  32:11  Raven  
  85  32:20  Fusion Core  
  77  32:26  Marine, Hellion  
  80  32:31  Viking  
  80  32:36  Hellion  
  84  32:42  Marine  
  75  32:45  SCV  
  75  32:47  Marauder, SCV  
  75  32:49  SCV  
  75  32:50  SCV  
  74  32:52  Marine  
  74  32:57  SCV, Siege Tank  
  79  32:59  SCV  
  79  33:02  Marine  
  81  33:08  Cyclone  
  84  33:13  Marauder  
  84  33:18  Battlecruiser  
  91  33:23  Marauder  
  93  33:30  Hellion  
  93  33:31  SCV  
  93  33:32  SCV  
  93  33:34  SCV  
  92  33:35  SCV  
  92  33:40  Siege Tank  
  90  33:43  SCV  
  90  33:44  SCV  
  90  33:46  SCV  
  92  33:55  SCV  
  78  34:32  SCV  
  66  34:54  Command Center  
  66  34:57  Hellion  
  35  35:34  Hellion  
  32  35:50  Barracks Tech Lab  
  29  36:40  Marine  
  30  36:48  Marine  
  29  37:01  Marine  
  29  37:05  Marine  
  29  37:18  SCV  
  30  37:23  Marauder  
  32  37:31  Factory Tech Lab  
  32  37:42  Raven  
  34  37:59  Marine  
  34  38:03  Marine, SCV  
  26  39:48  SCV  
Show
View Real Time Build Order
Export as new Build Order

A.I. 3 (Harder) Protoss - Winner!

Build Orders:  

Get SALT Encoding   

  12  0:01  Probe (Chrono Boost)  
  13  0:11  Probe (Chrono Boost)  
  14  0:21  Pylon  
  14  0:22  Probe (Chrono Boost)  
  15  0:39  Probe (Chrono Boost)  
  16  0:48  Assimilator  
  16  0:49  Probe (Chrono Boost)  
  17  0:50  Gateway  
  17  1:00  Pylon, Probe (Chrono Boost)  
  18  1:10  Probe (Chrono Boost)  
  19  1:22  Probe (Chrono Boost)  
  20  1:36  Zealot  
  22  1:42  Gateway  
  22  1:44  Cybernetics Core  
  22  1:45  Assimilator  
  22  2:00  Pylon, Zealot  
  24  2:15  Warp Gate  
  24  2:26  Zealot  
  24  2:27  Stalker  
  28  2:39  Pylon  
  28  2:53  Zealot  
  28  2:56  Zealot  
  32  3:10  Probe (Chrono Boost)  
  33  3:18  Stalker  
  33  3:22  Probe (Chrono Boost), Stalker  
  33  3:26  Pylon  
  39  3:34  Probe (Chrono Boost)  
  39  3:40  Forge  
  39  3:45  Probe (Chrono Boost)  
  39  3:47  Adept  
  40  3:51  Adept  
  44  3:58  Probe (Chrono Boost)  
  45  4:09  Probe (Chrono Boost)  
  46  4:28  Probe (Chrono Boost)  
  46  4:53  Protoss Ground Weapons Level 1  
  46  4:58  Sentry  
  48  5:00  Gateway  
  48  5:05  Sentry  
  48  5:07  Pylon  
  50  5:09  Photon Cannon  
  50  5:12  Photon Cannon  
  50  5:20  Stalker  
  52  5:22  Nexus  
  52  5:28  Sentry  
  54  5:37  Pylon  
  54  5:39  Robotics Facility  
  54  5:41  Stalker  
  56  5:49  Sentry  
  54  5:57  Stalker  
  56  6:05  Stalker  
  58  6:17  Stargate  
  58  6:28  Observer  
  58  6:32  Forge  
  59  6:35  Probe x2 (Chrono Boost)  
  59  6:36  Protoss Ground Armor Level 1  
  61  6:46  Probe (Chrono Boost)  
  63  6:48  Observer, Probe (Chrono Boost)  
  64  6:57  Probe (Chrono Boost)  
  64  7:01  Pylon, Probe (Chrono Boost)  
  66  7:04  Pylon  
  67  7:09  Probe (Chrono Boost)  
  67  7:13  Probe (Chrono Boost)  
  68  7:17  Twilight Council  
  68  7:20  Probe (Chrono Boost)  
  69  7:24  Probe (Chrono Boost)  
  69  7:29  Photon Cannon  
  70  7:31  Probe (Chrono Boost)  
  70  7:35  Probe (Chrono Boost)  
  72  7:40  Photon Cannon  
  72  7:42  Probe (Chrono Boost)  
  73  7:46  Probe (Chrono Boost)  
  74  7:53  Probe (Chrono Boost)  
  74  7:57  Probe (Chrono Boost)  
  76  8:08  Assimilator  
  76  8:14  Assimilator  
  76  8:30  Probe (Chrono Boost)  
  76  8:31  Probe (Chrono Boost)  
  78  8:41  Probe x2 (Chrono Boost)  
  80  8:52  Void Ray, Probe (Chrono Boost)  
  80  8:54  Warp Prism  
  81  9:02  Gateway  
  87  9:04  Robotics Facility  
  87  9:05  Nexus  
  87  9:06  Stargate  
  87  9:08  Pylon  
  87  9:10  Stalker x2  
  87  9:11  Robotics Bay  
  87  9:27  Observer  
  88  9:31  Void Ray  
  88  9:36  Pylon  
  92  9:46  Warp Prism  
  92  9:49  Warp Prism, Stalker  
  76  9:55  Void Ray  
  76  9:59  Gateway  
  78  10:05  Stargate  
  78  10:08  Stalker  
  80  10:17  Stalker  
  82  10:27  Stalker  
  84  10:34  Assimilator  
  84  10:36  Sentry  
  84  10:39  Assimilator  
  84  10:40  Colossus  
  86  10:46  Probe (Chrono Boost)  
  86  10:48  Probe (Chrono Boost)  
  86  10:49  Probe (Chrono Boost)  
  95  10:50  Colossus  
  102  10:57  Probe (Chrono Boost)  
  102  10:59  Probe (Chrono Boost)  
  102  11:00  Probe (Chrono Boost)  
  102  11:03  Nexus  
  104  11:08  Probe (Chrono Boost)  
  104  11:09  Fleet Beacon  
  105  11:15  Protoss Ground Weapons Level 2  
  106  11:18  Probe (Chrono Boost)  
  106  11:20  Probe (Chrono Boost)  
  106  11:21  Protoss Ground Armor Level 2, Probe (Chrono Boost)  
  108  11:30  Probe (Chrono Boost)  
  108  11:31  Probe (Chrono Boost)  
  111  11:33  Probe (Chrono Boost)  
  111  11:51  Observer Gravitic Boosters, Tempest  
  111  12:00  Pylon, Protoss Air Weapons Level 1  
  115  12:02  Pylon  
  115  12:23  Pylon  
  115  12:24  Pylon  
  115  12:25  Assimilator  
  115  12:30  Photon Cannon  
  115  12:34  Photon Cannon  
  115  12:38  Assimilator  
  115  12:40  Templar Archives  
  115  12:44  Dark Shrine  
  115  12:45  Gravitic Drive  
  115  12:47  Adept  
  115  12:48  Photon Cannon  
  115  12:50  Adept, Photon Cannon  
  118  12:52  Adept  
  118  12:53  Observer  
  118  12:54  Adept  
  118  12:56  Adept  
  125  13:05  Stalker  
  125  13:08  Blink, Stalker  
  125  13:12  Stalker  
  131  13:14  Adept  
  131  13:16  Adept  
  129  13:25  Protoss Shields Level 1  
  125  13:27  Zealot  
  125  13:29  Protoss Ground Weapons Level 3  
  125  13:30  Zealot  
  125  13:33  Stalker  
  125  13:34  Extended Thermal Lance  
  131  13:35  Sentry  
  131  13:37  Zealot  
  135  13:44  Protoss Air Armor Level 1  
  135  13:47  Zealot  
  123  14:33  Adept  
  125  15:02  Resonating Glaives  
  125  15:06  Protoss Ground Armor Level 3  
  125  15:17  Nexus  
  125  15:28  Protoss Air Weapons Level 2  
  125  15:29  Immortal  
  125  15:35  Immortal  
  129  15:39  Phoenix  
  135  15:44  Phoenix  
  135  15:45  Carrier  
  137  15:55  Protoss Shields Level 2  
  143  16:00  Adept  
  135  16:05  Adept  
  135  16:09  Adept  
  135  16:10  Graviton Catapult  
  131  16:13  Sentry  
  131  16:17  Zealot  
  135  16:22  Disruptor  
  135  16:24  Disruptor  
  141  16:43  Assimilator  
  141  16:46  Pylon  
  141  16:49  Pylon  
  141  16:52  Assimilator  
  141  16:54  Immortal  
  141  16:56  Immortal  
  149  17:13  Photon Cannon  
  149  17:16  Photon Cannon  
  149  17:27  Sentry  
  149  17:29  Protoss Air Armor Level 2  
  149  17:32  Zealot  
  137  17:37  Zealot  
  137  17:41  Stalker, Probe (Chrono Boost)  
  137  17:43  Probe x3 (Chrono Boost)  
  127  17:46  Adept  
  127  17:47  Probe (Chrono Boost)  
  127  17:50  Adept  
  127  17:51  Photon Cannon  
  127  17:52  Probe (Chrono Boost)  
  127  17:53  Photon Cannon  
  127  17:54  Adept, Protoss Shields Level 3, Probe x2 (Chrono Boost)  
  127  17:57  Probe (Chrono Boost)  
  133  17:58  Probe (Chrono Boost)  
  133  17:59  Stalker  
  133  18:03  Adept  
  133  18:04  Probe (Chrono Boost)  
  139  18:05  Probe (Chrono Boost)  
  139  18:07  Probe (Chrono Boost)  
  139  18:08  Stalker, Probe (Chrono Boost)  
  139  18:12  Stalker  
  145  19:20  Colossus  
  145  19:26  Protoss Air Weapons Level 3  
  145  19:30  Zealot  
  153  19:35  Stalker  
  155  19:38  Colossus  
  155  19:39  Stalker  
  155  19:45  Tempest  
  167  20:04  Stalker  
  165  20:08  Stalker  
  165  20:14  Nexus  
  167  21:05  Observer  
  163  21:43  Protoss Air Armor Level 3  
  163  21:49  Assimilator  
  163  21:51  Pylon  
  163  21:53  Pylon  
  163  21:55  Assimilator  
  163  22:17  Photon Cannon  
  163  22:19  Photon Cannon  
  163  22:23  Stalker  
  163  22:38  Pylon  
  163  22:49  Pylon  
  163  22:52  Stalker  
  163  22:54  Phoenix  
  163  22:58  Dark Shrine  
  165  22:59  Zealot  
  165  23:00  Phoenix, Fleet Beacon  
  165  23:02  Photon Cannon  
  169  23:06  Photon Cannon  
  169  23:07  Stalker  
  169  23:09  Gateway  
  171  23:14  Stalker  
  171  23:17  Zealot  
  175  24:05  Gateway  
  175  24:59  Stalker  
  175  25:02  Zealot  
  175  25:10  Photon Cannon  
  175  25:16  Phoenix  
  175  25:33  Psionic Storm  
  169  25:44  High Templar  
  169  25:48  Stalker  
  173  25:53  High Templar  
  175  26:07  Archon, Void Ray  
  175  26:08  High Templar  
  175  26:10  Void Ray  
  177  26:12  High Templar  
  179  26:36  Archon  
  179  26:37  High Templar  
  181  26:44  High Templar  
  183  26:53  Archon  
  183  27:22  Nexus  
  183  27:25  Stalker  
  175  27:30  Stalker  
  175  27:34  Zealot  
  175  27:36  Pylon  
  161  27:39  Zealot  
  161  27:43  Zealot  
  145  27:48  Stalker  
  145  27:50  Photon Cannon  
  131  27:52  Void Ray, Stalker  
  131  27:53  Photon Cannon  
  133  28:01  Stalker  
  133  28:02  Void Ray  
  133  28:05  Carrier  
  135  28:10  Stalker  
  141  28:19  Stalker  
  149  28:23  Sentry  
  149  28:28  Zealot  
  149  28:32  Sentry  
  144  28:37  Adept  
  138  28:41  Assimilator  
  138  28:42  Pylon  
  138  28:44  Pylon  
  138  28:45  Assimilator  
  138  29:06  Photon Cannon  
  138  29:09  Photon Cannon  
  138  29:13  Colossus  
  138  29:22  Colossus  
  144  29:24  Adept  
  144  29:27  Tempest  
  156  31:06  Pylon  
  154  31:13  Zealot  
  154  31:17  Zealot  
  135  31:21  Zealot  
  123  31:26  Zealot  
  123  31:30  Stalker  
  127  31:34  Stalker  
  127  31:39  Stalker  
  131  31:43  Sentry  
  120  32:30  Pylon  
  118  32:37  Pylon  
  116  32:58  Nexus  
  116  33:21  Assimilator  
  116  33:30  Stalker  
  110  33:34  Stalker  
  110  33:38  Assimilator  
  110  33:39  Stalker  
  113  33:43  Zealot  
  113  33:46  Pylon  
  114  34:36  Photon Cannon  
  114  34:41  Nexus  
  114  34:48  Observer  
  114  35:09  Assimilator  
  113  35:36  Assimilator  
  112  35:46  Templar Archives  
  112  35:48  Pylon  
  112  35:51  Pylon  
  112  36:02  Robotics Facility  
  112  36:11  Robotics Bay  
  112  36:14  Pylon, Nexus  
  112  36:20  Pylon  
  112  36:22  Dark Templar  
  112  36:26  High Templar  
  112  36:30  Pylon  
  114  36:37  Pylon  
  114  36:44  Cybernetics Core  
  114  36:45  Immortal  
  114  36:47  Photon Cannon  
  114  36:48  Archon  
  118  36:55  High Templar  
  118  36:59  Dark Templar  
  118  37:00  Disruptor  
  121  37:02  Photon Cannon  
  117  37:08  Pylon  
  117  37:15  Pylon  
  117  37:17  Pylon  
  117  37:20  Immortal  
  117  37:25  Sentry  
  117  37:28  Photon Cannon  
  123  37:30  Dark Templar  
  123  37:35  High Templar, Photon Cannon  
  121  37:46  Zealot  
  121  37:51  Stalker  
  117  37:54  Assimilator  
  117  37:55  Archon, Zealot  
  117  37:57  Pylon  
  115  37:59  Pylon  
  115  38:00  Zealot  
  115  38:04  Assimilator, Stalker  
  119  38:25  Photon Cannon  
  114  38:29  Photon Cannon  
  114  38:34  Photon Cannon  
  104  38:37  Photon Cannon  
  104  38:39  Photon Cannon  
  104  38:40  Pylon  
  103  38:44  Observer  
  103  38:46  Photon Cannon  
  103  38:51  Photon Cannon  
  103  39:00  Nexus  
  103  39:08  Archon, High Templar  
  105  39:12  High Templar  
  107  39:17  Zealot  
  107  39:25  Disruptor  
  96  39:35  Pylon  
  89  39:39  Probe (Chrono Boost)  
  89  39:42  Pylon, Probe x2 (Chrono Boost)  
  89  39:45  Probe (Chrono Boost)  
  89  39:47  Probe (Chrono Boost)  
  90  39:55  Probe (Chrono Boost), Stalker  
  90  39:57  Stalker  
  90  39:58  Photon Cannon  
  90  39:59  Adept  
  96  40:02  Zealot  
  96  40:04  Zealot  
  100  40:14  Probe x3 (Chrono Boost)  
  103  40:15  Stalker  
  103  40:18  Adept  
  103  40:20  Stalker  
  109  40:22  Stalker  
  109  40:24  Stalker  
  112  40:33  Pylon  
  112  40:36  Stalker  
  112  40:38  Stalker  
  112  40:40  Stalker  
  111  40:43  Stalker  
  111  40:46  Nexus  
  112  40:55  Probe (Chrono Boost)  
  112  41:00  Nexus  
  110  41:28  Pylon  
  110  41:31  Pylon  
  110  41:32  Probe x2 (Chrono Boost)  
  110  41:44  Probe (Chrono Boost)  
  110  42:10  Pylon  
  110  42:14  Pylon  
Tags
 
Add a new tag
Caveats
  • Supply blocks, unpowered buildings, or Contaminate may cause inaccurate times.
  • Supply counts are checked every 10 seconds.